 Dungeon Crawl Stone Soup version 0.20.0-14-g326068f (webtiles) character file.

445 Monsterracer the Skirmisher (level 6, -8/57 HPs)
             Began as a Minotaur Arcane Marksman on June 8, 2017.
             Was a Follower of Okawaru.
             Killed from afar by maniacrov's ghost (11 damage)
             ... with a puff of flame
             ... on level 4 of the Dungeon.
             The game lasted 00:06:08 (2659 turns).

Monsterracer the Skirmisher (MiAM)                  Turns: 2659, Time: 00:06:09

Health: -8/57      AC:  8    Str: 16    XL:     6   Next: 72%
Magic:  6/6        EV:  7    Int: 10    God:    Okawaru [*.....]
Gold:   185        SH:  0    Dex: 17    Spells: 6/7 levels left

rFire    . . .     SeeInvis .   b - +0 hand axe
rCold    . . .     Gourm    .   (no shield)
rNeg     + . .     Faith    .   l - +0 chain mail
rPois    .         Spirit   .   (helmet restricted)
rElec    .         Reflect  .   (no cloak)
rCorr    .         Harm     .   (no gloves)
MR       .....                  (no boots)
Stlth    ..........             q - amulet of regeneration
Regen    0.6/turn               j - +6 ring of dexterity
MPRegen  0.1/turn               p - ring of positive energy

@: lethally poisoned (-8 -> -9)
A: retaliatory headbutt, horns 2
a: Heroism, Renounce Religion


You were on level 4 of the Dungeon.
You worshipped Okawaru.
Okawaru was aware of your devotion.
You were not hungry.

You visited 1 branch of the dungeon, and saw 4 of its levels.

You collected 185 gold pieces.

Inventory:

Hand Weapons
 b - a +0 hand axe (weapon)
Missiles
 c - 5 javelins (quivered)
 d - 2 throwing nets
Armour
 k - a +0 buckler
 l - a +0 chain mail (worn)
Jewellery
 j - a +6 ring of dexterity (left hand)
 p - a ring of positive energy (right hand)
 q - an amulet of regeneration (around neck)
 t - an uncursed amulet of magic regeneration {unknown}
Wands
 s - a wand of acid (7/15)
Scrolls
 a - 3 scrolls of teleportation
 h - a scroll of remove curse
 m - 3 scrolls of identify
Potions
 i - a potion of cancellation
 o - a potion of curing
Comestibles
 f - 4 bread rations
 g - 2 meat rations
 n - 3 royal jellies
 r - a chunk of flesh


   Skills:
 - Level 6.1 Fighting
 + Level 2.6(3.3) Axes
   Level 3.0(3.5) Maces & Flails
 - Level 2.0 Throwing
 - Level 1.3 Armour
 - Level 2.5 Dodging
 - Level 0.2 Shields
 - Level 1.0 Spellcasting
 - Level 2.0 Hexes
 - Level 1.9 Invocations


You had 6 spell levels left.
You knew the following spells:

 Your Spells              Type           Power        Failure   Level  Hunger
a - Corona                Hex            #......      96%         1    ##.....


Dungeon Overview and Level Annotations

Branches:
Dungeon (4/15)
 Temple: D:4-7

Altars:
Kikubaaqudgha
Okawaru
Zin

Annotations:
D:4 maniacrov's ghost, amateur DEFE


Innate Abilities, Weirdness & Mutations

You reflexively headbutt those who attack you in melee.
You have a pair of horns on your head.


Message History

You feel sick.
You feel sick.
You feel sick.
Maniacrov's ghost gestures at you while chanting.
The puff of flame hits you!
* * * LOW HITPOINT WARNING * * *
You feel sick.
You feel sick.
You feel sick.
You feel sick.
You feel sick.
You feel sick.
You feel sick.
Maniacrov's ghost points at you and mumbles some strange words.
The puff of flame hits you!
* * * LOW HITPOINT WARNING * * *
You feel sick. Maniacrov's ghost casts a spell at you.
The puff of flame hits you!
You die...

#.####.####..# #
#............# .
#......####..# . ###
#..########..# . ...
..............# .###.#
###.########.## .†...#
#.# #.# ##†###
#####.########.# #.#
#....W...@.(...#
#.#####.###.##########
#......#.##.#
#######.###.# ### #.#
#.# #.# ..# ###


You could see maniacrov's ghost.

Vanquished Creatures
  The ghost of Monsterracer the Chopper, an amateur MiAM (D:3)
  An ogre (D:4)
  An orc priest (D:3)
  2 orc wizards (D:3)
  Ijyb (D:3)
  A worker ant (D:3)
  3 gnolls (D:3)
  3 adders
  An ooze (D:2)
  2 worms (D:3)
  A dart slug (D:1)
  2 leopard geckos (D:3)
  15 orcs
  5 bats
  2 giant cockroaches
  5 goblins
  4 hobgoblins
  2 jackals (D:4)
  2 ball pythons
  5 frilled lizards
  3 kobolds
  9 rats
71 creatures vanquished.

Notes
Turn   | Place    | Note
-------+----------+-------------------------------------------
     0 | D:1      | Monsterracer the Minotaur Arcane Marksman began the quest for the Orb.
     0 | D:1      | Reached XP level 1. HP: 16/16 MP: 1/1
   178 | D:1      | Reached skill level 2 in Fighting
   375 | D:1      | Reached XP level 2. HP: 22/25 MP: 2/2
   743 | D:2      | Reached skill level 3 in Fighting
   747 | D:2      | Reached XP level 3. HP: 28/31 MP: 3/3
   817 | D:2      | Reached skill level 4 in Fighting
  1127 | D:2      | Found a glowing silver altar of Zin.
  1260 | D:3      | Noticed Monsterracer's ghost (amateur MiAM)
  1265 | D:3      | Reached skill level 1 in Maces & Flails
  1265 | D:3      | Reached XP level 4. HP: 27/41 MP: 4/4
  1576 | D:3      | Found an ancient bone altar of Kikubaaqudgha.
  1576 | D:3      | Found an iron altar of Okawaru.
  1577 | D:3      | Noticed Ijyb
  1579 | D:3      | Killed Ijyb
  1579 | D:3      | Reached skill level 5 in Fighting
  1611 | D:3      | Became a worshipper of Warmaster Okawaru
  1693 | D:3      | Reached XP level 5. HP: 20/48 MP: 5/5
  1700 | D:3      | Reached skill level 1 in Invocations
  2115 | D:3      | Killed Monsterracer's ghost
  2115 | D:3      | Reached skill level 6 in Fighting
  2115 | D:3      | Reached skill level 1 in Armour
  2115 | D:3      | Reached XP level 6. HP: 42/57 MP: 6/6
  2166 | D:3      | Reached * piety under Okawaru
  2629 | D:4      | Noticed maniacrov's ghost (amateur DEFE)
  2659 | D:4      | Killed from afar by maniacrov's ghost

Skill      XL: |  1  2  3  4  5  6 |
---------------+-------------------+-----
Fighting       | 2 3 4 5 6 |  6.1
Maces & Flails | 1 2 3 |  3.0
Invocations    | 1 |  1.9
Armour         | 1 |  1.3
Axes           | 2 |  2.6
Throwing       | |  2.0
Dodging        | |  2.5
Shields        | |  0.2
Spellcasting   | |  1.0
Hexes          | |  2.0

Action                   |  1- 3 |  4- 6 || total
-------------------------+-------+-------++-------
Melee: Dagger            |    62 |    15 ||    77
       Headbutt          |    11 |    28 ||    39
       Mace              |       |    54 ||    54
       Flail             |       |    35 ||    35
       Hand axe          |       |    15 ||    15
Invok: Heroism           |       |     1 ||     1
  Use: Potion            |     2 |     1 ||     3
       Scroll            |       |     6 ||     6
 Stab: Sleeping          |     1 |       ||     1
  Eat: Chunk             |     1 |     5 ||     6
Armor: Leather armour    |    11 |     2 ||    13
       Ring mail         |       |    16 ||    16
       Chain mail        |       |    18 ||    18
Dodge: Dodged            |    34 |    62 ||    96
